 Dungeon Crawl Stone Soup version 0.19-a0-450-g98b348d (webtiles) character file.

338 Kidiri the Magician (level 6, -1/32 HPs)
             Began as a Deep Elf Fire Elementalist on June 1, 2016.
             Asphyxiated
             ... in a sewer.
             The game lasted 00:11:30 (3757 turns).

Kidiri the Magician (Deep Elf Fire Elementalist)    Turns: 3757, Time: 00:11:30

Health: -1/32      AC:  3    Str:  5    XL:     6   Next: 29%
Magic:  16/16      EV: 13    Int: 22    God:
Gold:   147        SH:  4    Dex: 15    Spells: 5 memorised, 3 levels left

rFire  . . .     SeeInvis .     e - +2 short sword (venom)
rCold  . . .     Gourm    .     a - +1 robe
rNeg   . . .     Faith    .     (no shield)
rPois  .         Spirit   .     (no helmet)
rElec  .         Dismiss  .     (no cloak)
rCorr  .         Reflect  +     (no gloves)
SustAt .         Harm     .     (no boots)
MR     .....                    l - +4 amulet of reflection
Stlth  ++........               (no ring)
                                (no ring)

@: lethally poisoned (-1 -> -13), slowed, very slow, not resistant to hostile
enchantments, unstealthy
A: no striking features
a: no special abilities


You were in a sewer.
You were not hungry.

You visited 1 branch of the dungeon, and saw 3 of its levels.
You also visited: Sewer.

You collected 147 gold pieces.

Inventory:

Hand Weapons
 e - a +2 short sword of venom (weapon)
Armour
 a - a +1 robe (worn)
 h - a +0 leather armour
Jewellery
 l - a +4 amulet of reflection (around neck)
Scrolls
 j - 3 scrolls of remove curse
Potions
 f - 2 potions of agility {unknown}
 g - 2 potions of flight {unknown}
 i - a potion of lignification {unknown}
 k - 4 potions of curing
 m - a potion of berserk rage {unknown}
 o - a potion of might {unknown}
Books
 b - a book of Flames

   Spells                             Type                      Level
   a - Flame Tongue                   Conjuration/Fire             1
   b - Throw Flame                    Conjuration/Fire             2
   c - Conjure Flame                  Conjuration/Fire             3
   d - Inner Flame                    Hexes/Fire                   3
   e - Sticky Flame                   Conjuration/Fire             4
   f - Fireball                       Conjuration/Fire             5
Comestibles
 c - 4 bread rations
 d - a slice of pizza
 n - 3 chunks of flesh


   Skills:
 - Level 2.4 Dodging
 - Level 2.4 Stealth
 + Level 5.8 Spellcasting
 + Level 4.2 Conjurations
 + Level 5.0 Fire Magic


You had 3 spell levels left.
You knew the following spells:

 Your Spells              Type           Power        Failure   Level  Hunger
a - Flame Tongue          Conj/Fire      ####.        1%          1    None
b - Throw Flame           Conj/Fire      ####..       1%          2    None
c - Conjure Flame         Conj/Fire      ####....     4%          3    ##.....
d - Inner Flame           Hex/Fire       ###.....     12%         3    ##.....
e - Sticky Flame          Conj/Fire      ####....     14%         4    ####...


Dungeon Overview and Level Annotations

Branches:
Dungeon (3/15)

Altars:
Ashenzari
Hepliaklqana
Sif Muna
Xom

Annotations:
D:3 tstbtto's ghost, amateur HOWr


Message History

Okay, then.
The kobold wields a blowgun.
The kobold shoots a curare-tipped needle.
The curare-tipped needle hits you.
You are lethally poisoned!
You have difficulty breathing.
* * * LOW HITPOINT WARNING * * *
You feel yourself slow down. The kobold closely misses you.
Things that are here:
a curare-tipped needle; a blowgun; 3 poisoned needles Unknown command.
It was a potion of curing.
You feel better. The kobold hits you with a short sword.
* * * LOW HITPOINT WARNING * * *
You block the kobold's attack.
The kobold shoots a curare-tipped needle.
The curare-tipped needle hits you.
You are lethally poisoned!
You have difficulty breathing.
You die...

##############≈#####
#≈≈≈≈≈≈≈≈≈≈≈≈≈≈≈≈
#≈≈≈≈≈ ≈≈≈≈≈≈≈≈≈≈
≈≈≈≈ ≈≈≈≈≈≈≈≈≈≈≈
######≈##########≈≈≈
#.!..#≈P≈≈...P≈P≈≈≈≈
#!∩..K≈≈≈≈...≈≈≈≈≈≈≈
#!!K.'≈P.≈.......≈P≈
#..@K#..............
######......##......
##########...#.
#...#. #####. ##


You could see 3 kobolds.

Vanquished Creatures
  2 big kobolds (Sewer)
  Ijyb (D:2)
  Jessica (D:3)
  5 adders
  2 worms
  2 dart slugs (D:1)
  3 giant geckos
  5 orcs (D:3)
  6 giant cockroaches
  7 goblins
  7 hobgoblins
  7 jackals (D:1)
  19 kobolds
  2 quokkas
  2 ball pythons
  8 bats
  7 giant newts
  9 rats
95 creatures vanquished.

Notes
Turn   | Place    | Note
--------------------------------------------------------------
     0 | D:1      | Kidiri the Deep Elf Fire Elementalist began the quest for the Orb.
     0 | D:1      | Reached XP level 1. HP: 10/10 MP: 6/6
   355 | D:1      | Reached XP level 2. HP: 15/15 MP: 4/8
   364 | D:1      | Learned a level 2 spell: Throw Flame
   756 | D:1      | Reached XP level 3. HP: 15/19 MP: 1/10
   779 | D:1      | Learned a level 3 spell: Conjure Flame
   783 | D:1      | Learned a level 3 spell: Inner Flame
  1614 | D:2      | Reached XP level 4. HP: 24/24 MP: 8/12
  1635 | D:2      | Noticed Ijyb
  1646 | D:2      | Killed Ijyb
  2003 | D:2      | Found a deep blue altar of Sif Muna.
  2340 | D:2      | Reached skill level 5 in Spellcasting
  2349 | D:2      | Learned a level 4 spell: Sticky Flame
  2551 | D:3      | Noticed tstbtto's ghost (amateur HOWr)
  2557 | D:3      | Found a shattered altar of Ashenzari.
  2661 | D:3      | Found a faded altar of an unknown god.
  2669 | D:3      | Reached XP level 5. HP: 20/28 MP: 11/14
  2727 | D:3      | Found a hazy altar of Hepliaklqana.
  2728 | D:3      | Found a shimmering altar of Xom.
  2728 | D:3      | Noticed an insubstantial wisp
  2729 | D:3      | Noticed an insubstantial wisp
  2729 | D:3      | Noticed a spectral ugly thing
  2938 | D:3      | Noticed Jessica
  2947 | D:3      | Killed Jessica
  3089 | D:3      | Found a glowing drain.
  3110 | Sewer    | Entered a sewer
  3499 | Sewer    | Reached XP level 6. HP: 32/32 MP: 11/16
  3596 | Sewer    | Reached skill level 5 in Fire Magic
  3756 | Sewer    | HP: 1/32 [asphyx]
  3757 | Sewer    | Asphyxiated

Vault maps used:
D:1:      eino_arrival_druids_welcome, serial_bayou_pond_a, grunt_decor_fettered
D:2:      overflow_temple_1_default, first_bread, uniq_iyjb
D:3:      regret_index_temple_of_mockery, ecumenical_altar_2,
          portal_sewer_entry_f, ashenzari_altar_1, uniq_jessica
Sewer:    kennysheep_pipe_town

Skill      XL: |  1  2  3  4  5  6 |
---------------+-------------------+-----
Conjurations   | 2 3 4 |  4.2
Spellcasting   | 4 5 |  5.8
Fire Magic     | 4 5 |  5.0
Dodging        | |  2.4
Stealth        | |  2.4

Action                   |  1- 3 |  4- 6 || total
-------------------------+-------+-------++-------
Melee: Unarmed           |     3 |       ||     3
       Dagger            |    13 |       ||    13
       Short sword       |       |    62 ||    62
 Cast: Flame Tongue      |    45 |    43 ||    88
       Throw Flame       |    19 |    23 ||    42
       Conjure Flame     |       |     6 ||     6
       Inner Flame       |       |     2 ||     2
       Sticky Flame      |       |     1 ||     1
  Use: Scroll            |     7 |     5 ||    12
       Potion            |       |     2 ||     2
 Stab: Sleeping          |     1 |     5 ||     6
  Eat: Chunk             |     2 |     8 ||    10
Armor: Robe              |     8 |    16 ||    24
Dodge: Dodged            |    23 |    65 ||    88
Block: Other             |       |    10 ||    10
